cohdb
Replays
Latest Replays
All Replays
Popular Replays
Top Player Replays
Match Explorer
How It Works
Community
CoH3 Stats
Reddit
Sign in to upload your games and track your stats! →
Sign in with Steam
Match 40300214
Unlisted
Match 40300214
Overview
Messages
Build Orders
End
Kettenkrad Recon Vehicle
Selects Breakthrough Battlegroup
Selects Assault Grenadiers
Construct Infanterie Kompanie
Grenadier Squad
MG 42 Machine Gun Team
Grenadier Squad
Grenadier Squad
Construct Panzergrenadier Kompanie
Selects Breakthrough
Selects Mechanized Assault Group
Mechanized Assault Group
Pioneer Squad
Pak 40 Anti-tank Gun Team
Selects Rapid Production
Pak 40 Anti-tank Gun Team
Grenadier Squad
Idiot Box
DibbeTC
0
0
Comments
sign in to comment!
No comments posted yet!